 Dungeon Sprint DCSS version 0.19.0-2-gae57169 (webtiles) character file.

452 LORDOFBUTT the Unseen (level 6, -8/30 HPs)
             Began as a Spriggan Assassin on Nov 3, 2016.
             Was an Initiate of Dithmenos.
             Asphyxiated
             ... in the Dungeon (Sprint I: "Red Sonja").
             The game lasted 00:01:18 (567 turns).

LORDOFBUTT the Unseen (Spriggan Assassin)            Turns: 567, Time: 00:01:18

Health: -8/30      AC:  5    Str:  7    XL:     6   Next: 75%
Magic:  7/7        EV: 17    Int: 12    God:    Dithmenos [......]
Gold:   297        SH:  0    Dex: 20    Spells: 0 memorised, 5 levels left

rFire  + . .     SeeInvis +     b - +0 blowgun
rCold  + . .     Gourm    .     p - +2 robe {rC+ rF+}
rNeg   . . .     Faith    .     (shield restricted)
rPois  .         Spirit   .     (helmet restricted)
rElec  .         Reflect  .     d - +0 cloak
rCorr  .         Harm     .     (gloves unavailable)
MR     +....     NoTele   +     (boots unavailable)
Stlth  ++++++++..               (no amulet)
                                (no ring)
                                (no ring)

@: lethally poisoned (-8 -> -25), slowed, quick
A: unfitting armour, see invisible, herbivore 3, speed 3, slow metabolism 2
a: Renounce Religion


You were in the Dungeon.
You worshipped Dithmenos.
Dithmenos was noncommittal.
You were not hungry.

You visited 1 branch You collected 297 gold pieces.

Inventory:

Hand Weapons
 a - a +2 dagger
 b - a +0 blowgun (weapon)
Missiles
 e - 24 poisoned needles (quivered)
Armour
 d - a +0 cloak (worn)
 p - a +2 robe of resistance (worn)
Scrolls
 m - a scroll of blinking
Potions
 h - a potion of curing
 i - a potion of heal wounds
 j - a potion of haste
 k - 2 potions of magic
 l - a potion of berserk rage
 n - a potion of brilliance {unknown}
 o - a potion of agility {unknown}
Comestibles
 g - a bread ration


   Skills:
 - Level 1.5 Fighting
 - Level 2.1 Short Blades
 - Level 2.0 Throwing
 - Level 1.5 Dodging
 + Level 20.6 Stealth


You had 5 spell levels left.
You didn't know any spells.

Dungeon Overview and Level Annotations

Branches:
Dungeon (1/1)

Altars:
Cheibriados
Dithmenos
Elyvilon
Fedhas
Gozag
Hepliaklqana
Kikubaaqudgha
Nemelex Xobeh
Okawaru
Qazlal
Ru
Sif Muna
Trog
Uskayaw
Vehumet
Yredelemnul
Zin
The Shining One

Shops:
D !

Annotations:
D Sonja


Innate Abilities, Weirdness & Mutations

You are very small and have problems with some larger weapons.
You are too small for most types of armour.
You have supernaturally acute eyesight. (SInv)
You are a herbivore.
You cover ground extremely quickly.
You need consume almost no food.


Message History

Sonja twirls her cape.
Sonja unwields an uncursed short sword of distortion.
Its appearance distorts for a moment.
Sonja wields an uncursed blowgun.
Sonja shoots a curare-tipped needle.
The curare-tipped needle hits you.
You are poisoned.
You have difficulty breathing.
* * * LOW HITPOINT WARNING * * *
You feel yourself slow down.
Firing (i - inventory. (,) - cycle):
f - a curare-tipped needle (quivered)
Press: ? - help, Shift-Dir - straight line, f/p - Sonja
Aim: Sonja, wielding a blowgun You shoot a curare-tipped needle.
The curare-tipped needle completely misses Sonja.
* * * LOW HITPOINT WARNING * * *
You feel sick.
Sonja shoots a curare-tipped needle.
The curare-tipped needle completely misses you.
Sonja shoots a curare-tipped needle.
The curare-tipped needle hits you.
You are more poisoned.
You have difficulty breathing.
You die...

#..#__####..##(#
#..#_____##'#..+
#⌠⌠#_.∩..†'.(._#
####_..__##_K#+#
#_____###'#
#########.##
+$.$+ #$§$#
##@## #+#


You could see Sonja.

Vanquished Creatures
  Sigmund (D)
  A yak (D)
  An ogre (D)
  A jelly (D)
  Ijyb (D)
5 creatures vanquished.

Vanquished Creatures (others)
  A gargoyle (D)
1 creature vanquished.

Grand Total: 6 creatures vanquished

Notes
Turn   | Place    | Note
-------+----------+-------------------------------------------
     0 | D        | LORDOFBUTT the Spriggan Assassin began the quest for the Orb.
     0 | D        | Reached XP level 1. HP: 10/10 MP: 2/2
     3 | D        | Noticed Ijyb
    18 | D        | Killed Ijyb
    18 | D        | Reached skill level 10 in Stealth
    18 | D        | Reached XP level 2. HP: 10/14 MP: 3/3
   112 | D        | Noticed an ogre
   115 | D        | Killed an ogre
   115 | D        | Reached skill level 14 in Stealth
   115 | D        | Reached XP level 3. HP: 18/18 MP: 4/4
   115 | D        | Reached XP level 4. HP: 22/22 MP: 5/5
   197 | D        | Killed a gargoyle
   224 | D        | Noticed Sigmund
   227 | D        | Killed Sigmund
   227 | D        | Reached skill level 18 in Stealth
   227 | D        | Reached XP level 5. HP: 25/25 MP: 6/6
   227 | D        | Reached XP level 6. HP: 30/30 MP: 7/7
   253 | D        | Found a deep blue altar of Sif Muna.
   255 | D        | Found a radiant altar of Vehumet.
   538 | D        | Found Bohuten's Distillery.
   538 | D        | Found an ancient bone altar of Kikubaaqudgha.
   538 | D        | Found a hazy altar of Hepliaklqana.
   538 | D        | Found a stormy altar of Qazlal.
   538 | D        | Found a hide-covered altar of Uskayaw.
   538 | D        | Found a blossoming altar of Fedhas.
   538 | D        | Found a bloodstained altar of Trog.
   538 | D        | Found an iron altar of Okawaru.
   538 | D        | Found a basalt altar of Yredelemnul.
   538 | D        | Found a glowing golden altar of the Shining One.
   538 | D        | Found a snail-covered altar of Cheibriados.
   538 | D        | Found a sacrificial altar of Ru.
   538 | D        | Found a glowing silver altar of Zin.
   538 | D        | Found a shadowy altar of Dithmenos.
   538 | D        | Found a white marble altar of Elyvilon.
   538 | D        | Noticed a yak
   539 | D        | Found an opulent altar of Gozag.
   540 | D        | Killed a yak
   540 | D        | Reached skill level 20 in Stealth
   541 | D        | Found a sparkling altar of Nemelex Xobeh.
   548 | D        | Became a worshipper of Dithmenos the Shadowed
   558 | D        | Noticed Sonja
   567 | D        | Asphyxiated

Skill      XL: |  1  2  3  4  5  6 |
---------------+-------------------+-----
Stealth        | 10 14 18 20 | 20.6
Fighting       | |  1.5
Short Blades   | |  2.1
Throwing       | |  2.0
Dodging        | |  1.5

Action                   |  1- 3 |  4- 6 || total
-------------------------+-------+-------++-------
Melee: Dagger            |     9 |     8 ||    17
 Fire: Blowgun           |     4 |     6 ||    10
 Stab: Sleeping          |     1 |     2 ||     3
Armor: Robe              |     1 |     4 ||     5
Dodge: Dodged            |     6 |    11 ||    17
